 Dungeon Crawl Stone Soup version 0.22.1-1-ga44c0e5 (webtiles) character file.

10722 thomasnlv21 the Protected (level 11, -4/99 HPs)
             Began as a Minotaur Berserker on Nov 2, 2018.
             Was a High Priest of Trog.
             Slain by a white ugly thing (36 damage)
             ... on level 11 of the Dungeon.
             The game lasted 00:56:26 (10178 turns).

thomasnlv21 the Protected (Minotaur Berserker)     Turns: 10178, Time: 00:56:26

Health: -4/99      AC: 19    Str: 27    XL:     11   Next: 39%
Magic:  10/10      EV: 11    Int: 10    God:    Trog [*****.]
Gold:   558        SH:  9    Dex: 22    Spells: 10/10 levels left

rFire    . . .     SeeInvis +   q - +9 flail "Onaugh" {venom, Int+4}
rCold    . . .     Gourm    .   A - +0 shield
rNeg     . . .     Faith    .   w - +0 plate armour
rPois    .         Spirit   .   (helmet restricted)
rElec    .         Reflect  .   (no cloak)
rCorr    .         Harm     +   i - -2 pair of gloves "Cugal" {Dex+4}
MR       .....                  e - +0 pair of boots
Stlth    ..........             z - amulet of harm
HPRegen  0.26/turn              d - ring of see invisible
MPRegen  0.12/turn              l - +6 ring of dexterity

@: studying Armour
A: retaliatory headbutt, horns 2, icy blue scales 1, iridescent scales 1, thin
skeletal structure 1, clever 1, strong 1, evolution 1
a: Berserk, Trog's Hand, Brothers in Arms, Renounce Religion


You were on level 11 of the Dungeon.
You worshipped Trog.
Trog was extremely pleased with you.
You were hungry.

You visited 2 branches of the dungeon, and saw 11 of its levels.

You collected 558 gold pieces.

Inventory:

Hand Weapons
 m - a cursed +0 battleaxe
 q - the +9 flail "Onaugh" (weapon) {venom, Int+4}
   (You found it on level 5 of the Dungeon)

   It poisons the flesh of those it strikes.
   It affects your intelligence (+4).
 v - a +0 arbalest
 F - a +0 trident of pain
Missiles
 B - 90 arrows (quivered)
Armour
 e - a +0 pair of boots (worn)
 i - the -2 pair of gloves "Cugal" (worn) {Dex+4}
   (You acquired it on level 5 of the Dungeon)

   It affects your dexterity (+4).
 w - a +0 plate armour (worn)
 A - a +0 shield (worn)
 G - the +2 scale mail of Pessimism {rC+++ rN+ Str-5 Int+9}
   (You found it on level 7 of the Dungeon)

   It affects your strength (-5).
   It affects your intelligence (+9).
   It renders you almost immune to cold.
   It protects you from negative energy.
Jewellery
 d - a ring of see invisible (left hand)
 l - a +6 ring of dexterity (right hand)
 s - an uncursed ring of resist corrosion
 z - an amulet of harm (around neck)
Wands
 k - a wand of random effects (30)
 p - a wand of enslavement (14)
 t - a wand of paralysis (26)
Scrolls
 b - 4 scrolls of identify
 j - 3 scrolls of immolation
 o - a scroll of enchant weapon
 r - 2 scrolls of teleportation
 u - 2 scrolls of remove curse
 C - a scroll of summoning
 I - a scroll of fear
Potions
 f - 6 potions of curing
 g - a potion of lignification
 h - 2 potions of heal wounds
 n - a potion of brilliance {unknown}
 x - a potion of mutation
Books
 E - a manual of Armour
Miscellaneous
 y - a box of beasts
Comestibles
 c - 18 rations


   Skills:
 + Level 10.1 Fighting
 + Level 10.0(10.7) Axes
 + Level 6.2(9.0) Maces & Flails
 + Level 2.0 Crossbows
 - Level 4.7 Throwing
 + Level 10.9 Armour
 + Level 8.8 Dodging
 + Level 4.8 Stealth


You had 10 spell levels left.
You didn't know any spells.
Your spell library was empty.

Dungeon Overview and Level Annotations

Branches:
Dungeon (11/15)            Temple (1/1) D:5            Lair (0/6) D:9
    Orc (0/2) D:10

Altars:
Ashenzari
Cheibriados
Elyvilon
Fedhas
Kikubaaqudgha
Makhleb
Nemelex Xobeh
Okawaru
Qazlal
Sif Muna
Trog
Uskayaw
Vehumet
Xom
Yredelemnul
Zin
The Shining One

Shops:
D:5 [   D:6 :


Innate Abilities, Weirdness & Mutations

You reflexively headbutt those who attack you in melee.
You have a pair of horns on your head.
You are partially covered in icy blue scales. (AC +2)
You are partially covered in iridescent scales. (AC +2)
You have a somewhat thin skeletal structure. (Dex +2, Stealth)
Your mind is acute. (Int +2)
Your muscles are strong. (Str +2)
You evolve.


Message History

Found a ration.
The white ugly thing barely misses you.
You sock the white ugly thing!
The white ugly thing looks as sick as possible!
The white ugly thing is moderately wounded.
The white ugly thing misses you. You furiously retaliate!
You headbutt the white ugly thing. You sock the white ugly thing!
The white ugly thing looks as sick as possible!
The white ugly thing is heavily wounded.
The white ugly thing tail-slaps you. The white ugly thing freezes you!!
You sock the white ugly thing!
The white ugly thing looks as sick as possible!
Your headbutt misses the white ugly thing.
The white ugly thing is severely wounded.
The white ugly thing tail-slaps you but does no damage.
You closely miss the white ugly thing.
The white ugly thing is severely wounded.
The white ugly thing tail-slaps you. The white ugly thing freezes you!!
You die...

..# #.. #..## #..
...##.. ##.....# ..
#.....# #.. ###....##
####
#.#####.......##...###
#.....................
#.............@u.<....
#.....................
##........#............
#.......##..........(..
##.......##.............
........................
......).................
.....<...............%..
.#.................


You could see a white ugly thing.

Vanquished Creatures
  Erolcha (D:10)
  Erica (D:10)
  5 two-headed ogres
  Psyche (D:10)
  2 trolls
  A hippogriff (D:7)
  2 wraiths (D:10)
  Duvessa (D:7)
  A sky beast (D:9)
  3 phantoms
  3 ice beasts
  An orc warrior (D:7)
  2 black bears
  A necrophage (D:6)
  6 ogres
  2 centaurs (D:10)
  A crocodile (D:7)
  Blork the orc (D:4)
  2 big kobolds (D:10)
  5 bullfrogs
  A wyvern skeleton (D:10)
  Dowan (D:7)
  7 scorpions
  6 killer bees (D:10)
  9 wights
  4 howler monkeys
  2 crimson imps
  A quasit (D:10)
  3 jellies
  5 hounds
  2 centaur skeletons (D:6)
  3 orc priests
  3 orc wizards
  4 iguanas
  Natasha (D:4)
  A worker ant (D:7)
  A hound zombie (D:6)
  2 hound skeletons (D:7)
  A howler monkey zombie (D:7)
  Robin (D:4)
  A howler monkey skeleton (D:9)
  5 gnolls
  9 adders
  A shadow imp (D:7)
  3 oozes
  2 adder zombies
  2 adder skeletons
  2 dart slugs
  A worm (D:2)
  5 leopard geckos
  23 orcs
  4 ball pythons
  9 bats
  3 giant cockroaches
  20 goblins
  8 hobgoblins
  12 jackals
  9 kobolds
  4 quokkas
  A ball python skeleton (D:4)
  9 frilled lizards
  A jackal skeleton (D:7)
  A quokka zombie (D:6)
  5 rats
  2 toadstools (D:1)
242 creatures vanquished.

Vanquished Creatures (collateral kills)
  A troll (D:10)
  An orc warrior (D:10)
  2 ogres (D:10)
  2 gnoll sergeants (D:10)
  A gnoll (D:10)
  An orc (D:10)
8 creatures vanquished.

Vanquished Creatures (others)
  A human (D:4)
  2 toadstools (D:1)
3 creatures vanquished.

Grand Total: 253 creatures vanquished

Notes
Turn   | Place    | Note
-------+----------+-------------------------------------------
     0 | D:1      | thomasnlv21 the Minotaur Berserker began the quest for the
                  | Orb.
     0 | D:1      | Reached XP level 1. HP: 19/19 MP: 0/0
   263 | D:1      | Reached XP level 2. HP: 25/27 MP: 1/1
   476 | D:1      | Reached XP level 3. HP: 6/33 MP: 2/2
   837 | D:1      | Reached ** piety under Trog
  1244 | D:2      | Found a white marble altar of Elyvilon.
  1526 | D:2      | Reached XP level 4. HP: 7/41 MP: 3/3
  2139 | D:2      | You fall through a shaft for 2 floors!
  2229 | D:4      | Noticed Blork the orc
  2235 | D:4      | Found an ancient bone altar of Kikubaaqudgha.
  2248 | D:4      | Noticed a black bear
  2268 | D:4      | Killed Blork the orc
  2268 | D:4      | Reached XP level 5. HP: 36/47 MP: 4/4
  2271 | D:4      | Killed a black bear
  2271 | D:4      | Reached skill level 5 in Fighting
  2271 | D:4      | Reached skill level 5 in Axes
  2451 | D:4      | Noticed Robin
  2456 | D:4      | Found an ancient bone altar of Kikubaaqudgha.
  2457 | D:4      | Noticed an ogre
  2462 | D:4      | Killed an ogre
  2462 | D:4      | Reached XP level 6. HP: 15/56 MP: 5/5
  2834 | D:3      | Reached *** piety under Trog
  2885 | D:2      | Found a faded altar of an unknown god.
  4149 | D:4      | Noticed a hand axe
  4150 | D:4      | Noticed a hand axe
  4153 | D:4      | Found a hide-covered altar of Uskayaw.
  4157 | D:4      | Noticed Natasha
  4164 | D:4      | Killed Natasha
  4164 | D:4      | Received a gift from Trog
  4164 | D:4      | Reached XP level 7. HP: 62/62 MP: 6/6
  4167 | D:4      | Reached skill level 5 in Armour
  4397 | D:4      | Noticed a human
  4398 | D:4      | Killed a human
  4533 | D:4      | Killed Robin
  4651 | D:5      | Entered Level 5 of the Dungeon
  4673 | D:5      | Got a faintly humming ring mail
  4676 | D:5      | Got a smoking flail
  4848 | D:5      | Reached skill level 5 in Dodging
  5166 | D:5      | Reached XP level 8. HP: 67/71 MP: 7/7
  5261 | D:5      | Identified a scroll of acquirement
  5264 | D:5      | Got a pair of dazzling gloves
  5270 | D:5      | Identified the -2 pair of gloves "Cugal" {Dex+4} (You
                  | acquired it on level 5 of the Dungeon)
  5271 | D:5      | Identified the +3 ring mail "Xaczyuga" {rF+ Str-3 Dex+4}
                  | (You found it on level 5 of the Dungeon)
  5290 | D:5      | Found Jacoj's Armour Shoppe.
  5325 | D:5      | Found a staircase to the Ecumenical Temple.
  5336 | Temple   | Entered the Ecumenical Temple
  5515 | D:5      | Found a burning altar of Makhleb.
  5546 | D:5      | You fall through a shaft!
  5552 | D:6      | Reached **** piety under Trog
  5755 | D:5      | Gained mutation: You have a somewhat thin skeletal
                  | structure. (Dex +2, Stealth) [potion of mutation]
  5755 | D:5      | Gained mutation: Your muscles are strong. (Str +2) [potion
                  | of mutation]
  5755 | D:5      | Gained mutation: You are partially covered in icy blue
                  | scales. (AC +2) [potion of mutation]
  5755 | D:5      | Gained mutation: You evolve. [potion of mutation]
  6203 | D:6      | Found a radiant altar of Vehumet.
  6252 | D:6      | Found a shimmering altar of Xom.
  6379 | D:6      | Found Ehygeuf's Book Emporium.
  6611 | D:7      | Identified the +9 flail "Onaugh" {venom, Int+4} (You found
                  | it on level 5 of the Dungeon)
  6644 | D:7      | Reached skill level 1 in Maces & Flails
  6665 | D:7      | Gained mutation: Your mind is acute. (Int +2) [evolution]
  6743 | D:7      | Noticed Dowan
  6746 | D:7      | Killed Dowan
  6746 | D:7      | Reached XP level 9. HP: 81/81 MP: 8/8
  6746 | D:7      | Noticed Duvessa
  6752 | D:7      | Killed Duvessa
  6752 | D:7      | Reached skill level 1 in Throwing
  6752 | D:7      | Reached skill level 1 in Stealth
  7446 | D:7      | Noticed a troll
  7453 | D:7      | Reached ***** piety under Trog
  7457 | D:7      | Killed a troll
  7520 | D:7      | Got a faintly glowing scale mail
  7533 | D:7      | Identified the +2 scale mail of Pessimism {rC+++ rN+ Str-5
                  | Int+9} (You found it on level 7 of the Dungeon)
  7902 | D:7      | You fall through a shaft for 2 floors!
  8164 | D:9      | Found a staircase to the Lair.
  8489 | D:10     | Entered Level 10 of the Dungeon
  8535 | D:10     | Noticed a two-headed ogre
  8540 | D:10     | Killed a two-headed ogre
  8540 | D:10     | Reached XP level 10. HP: 66/91 MP: 9/9
  8928 | D:9      | Noticed a two-headed ogre
  8936 | D:9      | Killed a two-headed ogre
  9206 | D:10     | Noticed Erolcha
  9212 | D:10     | Killed Erolcha
  9214 | D:10     | Noticed Erica
  9224 | D:10     | Killed Erica
  9224 | D:10     | Reached skill level 5 in Maces & Flails
  9227 | D:10     | Reached skill level 10 in Armour
  9397 | D:10     | Noticed Psyche
  9400 | D:10     | Noticed a two-headed ogre
  9403 | D:10     | Killed Psyche
  9412 | D:10     | Killed a two-headed ogre
  9412 | D:10     | Reached XP level 11. HP: 95/99 MP: 10/10
  9419 | D:10     | Gained mutation: You are partially covered in iridescent
                  | scales. (AC +2) [evolution]
  9746 | D:10     | Noticed a two-headed ogre
  9754 | D:10     | Killed a two-headed ogre
  9754 | D:10     | Reached skill level 1 in Crossbows
  9759 | D:10     | Found a staircase to the Orcish Mines.
  9784 | D:10     | Reached skill level 10 in Fighting
 10156 | D:11     | Noticed a two-headed ogre
 10160 | D:11     | Killed a two-headed ogre
 10160 | D:11     | Reached skill level 10 in Axes
 10170 | D:11     | Noticed a white ugly thing
 10178 | D:11     | Slain by a white ugly thing

Skill      XL: |  1  2  3  4  5  6  7  8  9 10 11 |
---------------+----------------------------------+-----
Axes           | 4 5 6 7 8 9 10 | 10.0
Fighting       | 4 5 6 7 9 10 | 10.1
Armour         | 3 4 5 7 8 10 | 10.9
Dodging        | 3 4 5 6 7 8 |  8.8
Maces & Flails | 1 4 5 6 |  6.2
Throwing       | 3 4 |  4.7
Stealth        | 3 4 |  4.8
Crossbows      | 2 |  2.0

Action                   |  1- 3 |  4- 6 |  7- 9 | 10-12 || total
-------------------------+-------+-------+-------+-------++-------
Melee: Hand axe          |    82 |   112 |       |       ||   194
       Headbutt          |    15 |    22 |    49 |    21 ||   107
       War axe           |       |     6 |    14 |       ||    20
       Broad axe         |       |       |    75 |       ||    75
       Flail             |       |       |    76 |    75 ||   151
Invok: Berserk           |       |     5 |     4 |     4 ||    13
       Brothers in Arms  |       |       |       |     1 ||     1
  Use: Scroll            |     3 |     3 |     8 |     2 ||    16
       Potion            |     1 |     4 |     5 |     2 ||    12
  Eat: Chunk             |     2 |    11 |    16 |     8 ||    37
       Ration            |       |       |     1 |       ||     1
Armor: Animal skin       |    25 |     9 |       |       ||    34
       Ring mail         |       |    36 |    15 |       ||    51
       Scale mail        |       |       |    13 |       ||    13
       Chain mail        |       |       |    24 |       ||    24
       Plate armour      |       |       |    12 |    39 ||    51
Dodge: Dodged            |    55 |    95 |   150 |    66 ||   366
Block: Shield            |       |       |       |     3 ||     3
